 Dungeon Crawl Stone Soup version 0.29.1-13-g9f3cf754e1 (webtiles) character file.

Game seed: 8147599185898436876

2 shadowmeld the Insei (level 1, -3/17 HPs)
             Began as a Djinni Transmuter on Jan 29, 2023.
             Slain by a hobgoblin (5 damage)
             ... on level 1 of the Dungeon.
             The game lasted 00:01:18 (296 turns).

shadowmeld the Insei (Djinni Transmuter)             Turns: 296, Time: 00:01:19

Health: -3/17      AC:  2    Str:  9    XL:     1   Next: 33%
Gold:   0          EV: 12    Int: 14    God:
                   SH:  0    Dex: 13

rFire   + + .      SeeInvis .     - Unarmed
rCold   x . .      Faith    .   (no shield)
rNeg    . . .      Spirit   .   a - +0 robe
rPois   ∞          Reflect  .   (no helmet)
rElec   .          Harm     .   (no cloak)
rCorr   .          Rampage  .   (no gloves)
Will    .....                   (boots unavailable)
Stlth   +.........              (no amulet)
HPRegen 0.05/turn               (no ring)
MPRegen 0.00/turn               (no ring)

@: flying
A: sickness immunity, fire resistance 2, cold vulnerability 1, float, innate
caster, HP casting, extra vitality 1
a: no special abilities


You were on level 1 of the Dungeon.
You visited 1 branch of the dungeon, and saw 1 of its levels.

Inventory:

Armour
 a - a +0 robe (worn)
Potions
 b - a potion of lignification


   Skills:
 * Level 1.0 Fighting
 * Level 2.2 Dodging
 * Level 3.1 Unarmed Combat
 * Level 1.5 Spellcasting


You couldn't memorise any spells.
You knew the following spells:

 Your Spells              Type           Power      Damage    Failure   Level
a - Beastly Appendage     Tmut           10%        N/A       13%         1
b - Wereblood             Tmut           5%         N/A       21%         2
c - Spider Form           Tmut/Pois      5%         N/A       36%         3
d - Ice Form              Ice/Tmut       5%         N/A       78%         4
Your spell library was empty.

Dungeon Overview and Level Annotations

Branches:
Dungeon (1/15)

Altars:


Innate Abilities, Weirdness & Mutations

You are immune to sickness and miasma.
You are immune to poison.
Your flesh is very heat resistant. (rF++)
You are vulnerable to cold. (rC-)
You float through the air rather than walking.
You learn spells naturally, not from books.
Your magical power is your life essence.
You have superior vitality. (+4 MHP)


Message History

The hobgoblin is severely wounded.
The hobgoblin hits you but does no damage.
You completely miss the hobgoblin.
The hobgoblin is severely wounded.
The hobgoblin hits you.
You barely miss the hobgoblin.
The hobgoblin is severely wounded.
The hobgoblin barely misses you.
You barely miss the hobgoblin.
The hobgoblin is severely wounded.
The hobgoblin barely misses you.
You barely miss the hobgoblin.
The hobgoblin is severely wounded.
The hobgoblin barely misses you.
You barely miss the hobgoblin.
The hobgoblin is severely wounded.
The hobgoblin hits you.
* * * LOW HITPOINT WARNING * * *
You hit the hobgoblin but do no damage.
The hobgoblin is severely wounded.
The hobgoblin barely misses you.
You hit the hobgoblin.
The hobgoblin is almost dead.
The hobgoblin barely misses you.
You hit the hobgoblin but do no damage.
The hobgoblin is almost dead.
The hobgoblin completely misses you.
You barely miss the hobgoblin.
The hobgoblin is almost dead.
You closely miss the hobgoblin.
The hobgoblin is almost dead.
The hobgoblin hits you.
* * * LOW HITPOINT WARNING * * *
You closely miss the hobgoblin.
The hobgoblin is almost dead.
The hobgoblin misses you.
You barely miss the hobgoblin.
The hobgoblin is almost dead.
The hobgoblin hits you.
You die...

... ##. ## #.# ##..
.## ##.##.#
#...#####.####...#.###
+$.#.....#............
#..≈§....≈#.##...#.###
#.#≈S§.§.≈≈.#.##†.#.#
# #..≈g≈≈≈.≈..#.##...#
# #...§@§≈§§§≈#.##.#.#
#
#...§≈._§§§§.......###
#...≈.≈≈≈≈≈≈#.##......
#.§≈.≈≈≈.§..#.###.####
#.#≈.≈...§≈§#.## #.#
##..≈....§§#.## #.#
##.#.....#.## #.#
#$.#####... ..# ...
.#### ###


You could see a hobgoblin and a ball python.

Vanquished Creatures
  2 bats (D:1)
2 creatures vanquished.

Notes
Turn   | Place    | Note
-------+----------+-------------------------------------------
     0 | D:1      | shadowmeld the Djinni Transmuter began the quest for the
                  | Orb.
     0 | D:1      | shadowmeld set off with the following spells memorised:
                  | Beastly Appendage, Wereblood, Spider Form, Ice Form.
     0 | D:1      | Reached XP level 1. HP: 17/17 MP: 0/0
   267 | D:1      | Found a faded altar of an unknown god.
   296 | D:1      | Slain by a hobgoblin

Illustrated notes

Levels and vault maps discovered:
D:1:      nzn_arrival_settlement, layout_loops_corners,
          shapermc_ecumenical_altar_starsandcircs

Action                   || total
-------------------------++-------
Melee: Unarmed           ||    31
Armor: Robe              ||    13
Dodge: Dodged            ||    27
